 Seeded DCSS version 0.28-a0-1555-g9ae15a6949 (webtiles) character file.

Game seed: 21 (custom seed)

67 knot the Chopper (level 4, 8/52 HPs)
             Began as a Demonspawn Berserker on Jan 19, 2022.
             Was a Follower of Trog.
             Quit the game on level 2 of the Dungeon.
             The game lasted 00:01:10 (2024 turns).

knot the Chopper (Demonspawn Berserker)             Turns: 2024, Time: 00:01:10

Health: 8/52       AC:  2    Str: 18    XL:     4   Next: 0%
Magic:  4/4        EV: 12    Int: 10    God:    Trog [*.....]
Gold:   26         SH:  0    Dex: 12    Spells: 3/3 levels left

rFire   . . .      SeeInvis .   a - +0 hand axe
rCold   . . .      Faith    .   (no shield)
rNeg    . . .      Spirit   .   b - +0 animal skin
rPois   .          Reflect  .   (no helmet)
rElec   .          Harm     .   (no cloak)
rCorr   .          Rampage  .   (no gloves)
Will    .....                   (no boots)
Stlth   ..........              (no amulet)
HPRegen 0.17/turn               (no ring)
MPRegen 0.18/turn               (no ring)

@: berserking, very quick
A: hooves 1, magic regeneration
a: Renounce Religion, Berserk


You were on level 2 of the Dungeon.
You worshipped Trog.
Trog was aware of your devotion.
You visited 1 branch of the dungeon, and saw 2 of its levels.

You collected 26 gold pieces.

Inventory:

Hand Weapons
 a - a +0 hand axe (weapon)
Missiles
 f - 36 stones (quivered)
Armour
 b - a +0 animal skin (worn)
Scrolls
 c - 3 scrolls of identify {unknown}
Potions
 d - a potion of haste {unknown}
 e - a potion of mutation {unknown}


   Skills:
 - Level 3.0 Fighting
 + Level 4.4 Axes
 - Level 1.7 Armour
 - Level 1.7 Dodging


You had 3 spell levels left.
You didn't know any spells.
Your spell library was empty.

Dungeon Overview and Level Annotations

Branches:
Dungeon (2/15)

Altars:


Innate Abilities, Weirdness & Mutations

You have large cloven feet.
You regenerate magic rapidly.


Message History

The adder bites you.
A red film seems to cover your vision as you go berserk!
You feel yourself moving faster!
You feel mighty! The rat bites you but does no damage. The adder bites you.
You are poisoned.
The adder poisons you!
You barely miss the adder.
The adder is lightly wounded.
You closely miss the rat.
You feel sick. The adder bites you. The rat bites you.
You are too injured to fight recklessly!
You are too injured to fight recklessly!
You are too injured to fight recklessly!
You are too injured to fight recklessly!
You are too injured to fight recklessly!
You closely miss the adder.
The adder is lightly wounded.
You barely miss the rat.
You feel sick. The adder bites you. The rat bites you.
* * * LOW HITPOINT WARNING * * *
You slash the adder!
The adder is almost dead.
You closely miss the rat.
You feel sick. The adder bites you.
* * * LOW HITPOINT WARNING * * *
The giant cockroach waves its antennae.
You slash the adder!
You kill the adder!
Trog accepts your kill.
You closely miss the rat. The rat bites you.
* * * LOW HITPOINT WARNING * * *
You slash the rat!
You kill the rat!
Trog accepts your kill.
You feel sick.
You are no longer poisoned.
You have reached level 4!
You feel stronger.
You feel monstrous as your demonic heritage exerts itself.
Your demonic ancestry asserts itself...
Your feet thicken and deform.
Are you sure you want to abandon this character and quit the game? (Confirm with "yes".)

#####.######.
#....# #.####
#.# #.# #.#
#.# #.# #@#
#...B†......
#...........
#...........
#...........
#........###
#.........
#..........


You could see a giant cockroach.

Vanquished Creatures
  Terence (D:2)
  An adder (D:2)
  A dart slug (D:1)
  4 ball pythons (D:1)
  2 bats (D:1)
  2 endoplasms (D:1)
  A giant cockroach (D:1)
  3 goblins
  5 hobgoblins (D:1)
  3 kobolds (D:1)
  2 quokkas (D:1)
  2 frilled lizards (D:1)
  2 rats
29 creatures vanquished.

Notes
Turn   | Place    | Note
-------+----------+-------------------------------------------
     0 | D:1      | knot the Demonspawn Berserker began the quest for the Orb.
     0 | D:1      | Reached XP level 1. HP: 18/18 MP: 1/1
   132 | D:1      | Reached skill level 3 in Axes
   403 | D:1      | Gained mutation: You regenerate magic rapidly. [demonic
                  | ancestry]
   403 | D:1      | Reached XP level 2. HP: 17/24 MP: 2/2
  1224 | D:1      | Reached XP level 3. HP: 4/29 MP: 3/3
  1659 | D:2      | Noticed Terence
  1665 | D:2      | Killed Terence
  1666 | D:2      | Reached skill level 4 in Axes
  2024 | D:2      | Discovered your monstrous ancestry.
  2024 | D:2      | Gained mutation: You have large cloven feet. [demonic
                  | ancestry]
  2024 | D:2      | Reached XP level 4. HP: 8/35 MP: 4/4
  2024 | D:2      | Quit the game

Illustrated notes

Levels and vault maps discovered:
D:1:      minmay_arrival_four_houses, layout_loops_cross, minmay_close_crescents
D:2:      layout_basic, ebering_ecumenical_altar_rust, uniq_sigmund,
          uniq_natasha, uniq_terence

Skill      XL: |  1  2  3 |
---------------+----------+-----
Axes           | 3 4 |  4.4
Fighting       | |  3.0
Armour         | |  1.7
Dodging        | |  1.7

Action                   |  1- 3 |  4- 6 || total
-------------------------+-------+-------++-------
Melee: Hand axe          |    96 |       ||    96
       Punch             |     3 |       ||     3
Invok: Berserk           |     5 |       ||     5
Armor: Animal skin       |    27 |       ||    27
Dodge: Dodged            |    55 |       ||    55

Table legend: (Time is in decaauts)
 A = Elapsed time spent in this place.
 B = Non-inter-level travel time spent in this place.
 C = Inter-level travel time spent in this place.
 D = Time resting spent in this place.
 E = Time spent auto-exploring this place.
 F = Levels seen in this place.
 G = Mean time per level.
                   A        B        C        D        E       F      G
               +--------+--------+--------+--------+--------+-----+--------+
         Total |   2067 |   2009 |     58 |    948 |    868 |   2 | 1033.5 |
       Dungeon |   2067 |   2009 |     58 |    948 |    868 |   2 | 1033.5 |
               +--------+--------+--------+--------+--------+-----+--------+

Top non-repeatable levels by time:
     D:1: 1965 daAuts
     D:2: 101 daAuts
